 Dungeon Crawl Stone Soup version 0.29.1-15-g9cfb28693d (webtiles) character file.

Game seed: 10272715299910735303

1377454 HOAXBANE2 the Impregnable (level 27, 221/221 HPs)
             Began as a Human Artificer on Mar 11, 2023.
             Was the Champion of Ru.
             Escaped with the Orb
             ... and 3 runes on Mar 16, 2023!
             The game lasted 15:01:13 (109196 turns).

HOAXBANE2 the Impregnable (Human Artificer)       Turns: 109196, Time: 15:01:14

Health: 221/221    AC: 41    Str: 33 (34) XL:     27
Magic:  35/35      EV: 14    Int: 15      God:    Ru [******]
Gold:   6301       SH: 22    Dex:  5 (14) Spells: 18/42 levels left

rFire   + + .      SeeInvis .   f - +8 eveningstar (freeze)
rCold   + + .      Faith    .   G - +5 kite shield {AC+3}
rNeg    + + +      Spirit   .   T - +9 scales of the Dragon King {rPois rF+ rC+ Will+}
rPois   +          Reflect  +   J - +1 helmet "Wuvogal" {rC- rN++ Will+ Str+4}
rElec   +          Harm     .   R - scarf {rC+ rF+}
rCorr   .          Rampage  .   C - +3 pair of gloves of the Endless Queens {rElec rN+ Str+2}
Will    +++++                   H - +2 pair of boots
Stlth   ..........              i - amulet of reflection
HPRegen 0.46/turn               v - ring of Huruirphyu {rC++ EV+4 Str+4 Int-4}
MPRegen 0.24/turn               y - ring "Zeramab" {rF+ Will+ Str+3 Stlth+}

@: studying Long Blades
A: no stealth, hated by all, no earth magic, no necromancy magic, no
transmutations magic, unskilled 1, temperature sensitive, clever 1, deformed
body, strong-willed 1, inability to drink after injury 1
0: Orb of Zot
}: 3/15 runes: decaying, serpentine, silver
a: Renounce Religion, Draw Out Power, Power Leap, Apocalypse


You escaped.
You worshipped Ru.
Ru was exalted by your worship.
You visited 12 branches of the dungeon, and saw 54 of its levels.
You visited 1 bazaar.
You also visited: Ice Cave and Wizlab.

You collected 10159 gold pieces.
You spent 3858 gold pieces at shops.

Inventory:

Hand Weapons
 f - a +8 eveningstar of freezing (weapon)
 X - a +6 morningstar of protection
Armour
 b - the +3 leather armour of Mirth {rF++ rC+ Regen+ Dex-2}
   (You took it off a vault warden on level 5 of the Vaults)

   Dex:       It affects your dexterity (-2).
   rF:        It greatly protects you from fire.
   rC:        It protects you from cold.
   Regen:     It increases your rate of health regeneration.
 h - the +8 plate armour of a ziggurat {*Slow rF++ Str+3}
   (You bought it in a shop on level 2 of the Orcish Mines)

   Str:       It affects your strength (+3).
   rF:        It greatly protects you from fire.
   *Slow:     It may slow you when you take damage.
 j - a +2 cloak of willpower
 m - the +4 buckler of the Stone Wall {rElec rPois rCorr}
   (You found it on level 4 of the Snake Pit)

   rElec:     It insulates you from electricity.
   rPois:     It protects you from poison.
   rCorr:     It protects you from acid and corrosion.
 C - the +3 pair of gloves of the Endless Queens (worn) {rElec rN+ Str+2}
   (You found it on level 1 of the Swamp)

   Str:       It affects your strength (+2).
   rElec:     It insulates you from electricity.
   rN:        It protects you from negative energy.
 G - a +5 kite shield of protection (worn)
 H - a +2 pair of boots (worn)
 J - the +1 helmet "Wuvogal" (worn) {rC- rN++ Will+ Str+4}
   (You acquired it on level 1 of the Snake Pit)

   Str:       It affects your strength (+4).
   rC:        It makes you vulnerable to cold.
   rN:        It greatly protects you from negative energy.
   Will:      It increases your willpower.
 M - a +2 cloak of poison resistance
 R - a scarf of resistance (worn)
 S - the +4 ring mail "Fyuh" {Rampage rElec rPois Dex+4}
   (You found it on level 1 of the Snake Pit)

   Dex:       It affects your dexterity (+4).
   rElec:     It insulates you from electricity.
   rPois:     It protects you from poison.
   Rampage:   It bestows one free step when moving towards enemies.
 T - the +9 scales of the Dragon King (worn) {rPois rF+ rC+ Will+}
   (You bought it in a shop in a bazaar)

   rF:        It protects you from fire.
   rC:        It protects you from cold.
   rPois:     It protects you from poison.
   Will:      It increases your willpower.
Jewellery
 d - the ring of the Bright God {rF+ Int+4 Dex+2}
   (You took it off a deep elf master archer on level 3 of the Elven Halls)

   [ring of protection from fire]

   Int:       It affects your intelligence (+4).
   Dex:       It affects your dexterity (+2).
   rF:        It protects you from fire.
 i - an amulet of reflection (around neck)
 k - a ring of positive energy
 s - the ring of the Scavenger {rPois rF+ Will+ Dex-4}
   (You took it off a deep elf pyromancer on level 3 of the Elven Halls)

   [ring of poison resistance]

   Dex:       It affects your dexterity (-4).
   rF:        It protects you from fire.
   rPois:     It protects you from poison.
   Will:      It increases your willpower.
 v - the ring of Huruirphyu (left hand) {rC++ EV+4 Str+4 Int-4}
   (You found it on level 3 of the Dungeon)

   [ring of evasion]

   EV:        It affects your evasion (+4).
   Str:       It affects your strength (+4).
   Int:       It affects your intelligence (-4).
   rC:        It greatly protects you from cold.
 y - the ring "Zeramab" (right hand) {rF+ Will+ Str+3 Stlth+}
   (You found it on level 5 of the Lair of Beasts)

   [ring of willpower]

   Str:       It affects your strength (+3).
   rF:        It protects you from fire.
   Will:      It increases your willpower.
   Stlth:     It makes you more stealthy.
 I - the ring of Sif Muna's Delight {rC+ Will+ AC+4 Str+3 Dex-5}
   (You found it in a wizard's laboratory)

   [ring of protection]

   AC:        It affects your AC (+4).
   Str:       It affects your strength (+3).
   Dex:       It affects your dexterity (-5).
   rC:        It protects you from cold.
   Will:      It increases your willpower.
 N - the ring of Xoudem {rElec rCorr EV+4 Slay-4 Stlth+}
   (You took it off a demonspawn blood saint in a wizard's laboratory)

   [ring of evasion]

   EV:        It affects your evasion (+4).
   Slay:      It affects your accuracy & damage with ranged weapons and melee
   (-4).
   rElec:     It insulates you from electricity.
   rCorr:     It protects you from acid and corrosion.
   Stlth:     It makes you more stealthy.
Wands
 e - a wand of iceblast (25)
 q - a wand of mindburst (6)
 z - a wand of polymorph (2)
 O - a wand of flame (88)
 U - a wand of light (4)
Scrolls
 a - 7 scrolls of fear
 l - 9 scrolls of amnesia
 p - 4 scrolls of blinking
 r - 9 scrolls of poison
 A - 9 scrolls of teleportation
 F - 5 scrolls of magic mapping
 W - 2 scrolls of silence
Potions
 c - 14 potions of lignification
 g - 6 potions of heal wounds
 n - 22 potions of curing
 o - 12 potions of flight
 u - 6 potions of might
 w - 8 potions of attraction
 x - 6 potions of haste
 B - 9 potions of brilliance
 D - 7 potions of mutation
 E - 8 potions of cancellation
 Q - a potion of invisibility
 Y - 2 potions of berserk rage
 Z - 2 potions of resistance
Miscellaneous
 t - a condenser vane
 K - a tin of tremorstones (2/2)
 L - a lightning rod (4/4)
 P - a phial of floods
 V - a piece from Xom's chessboard (15/15)


   Skills:
 - Level 19.0 Fighting
 - Level 21.0 Maces & Flails
 - Level 2.6 Polearms
 - Level 21.0 Armour
 + Level 18.6 Dodging
 - Level 17.0 Shields
 - Level 8.0 Spellcasting
 - Level 5.1 Conjurations
 - Level 9.1 Translocations
 - Level 6.1 Fire Magic
 - Level 10.0 Evocations


You had 18 spell levels left.
You knew the following spells:

 Your Spells              Type           Power      Damage    Failure   Level
a - Blink                 Tloc           66%        N/A       5%          2
b - Lesser Beckoning      Tloc           33%        N/A       11%         3
c - Searing Ray           Conj           42%        2d6       26%         2
d - Magic Dart            Conj           84%        1d7       19%         1
e - Conjure Flame         Conj/Fire      22%        6-21      41%         3
f - Manifold Assault      Tloc           33%        N/A       67%         5
g - Teleport Other        Tloc           33%        N/A       11%         3
h - Gell's Gravitas       Tloc           33%        N/A       11%         3
i - Scorch                Fire           48%        2d7       19%         2

Your spell library contained the following spells:

 Spells                   Type           Power      Damage    Failure   Level
 Apportation              Tloc           66%        N/A       3%          1
 Foxfire                  Conj/Fire      88%        2x1d8     14%         1
 Passage of Golubria      Tloc           33%        N/A       34%         4
 Shock                    Conj/Air       52%        1d6       45%         1
 Iskenderun's Mystic Bla  Conj/Tloc      27%        2d7       61%         4
 Inner Flame              Hex/Fire       15%        N/A       77%         3
 Freeze                   Ice            24%        1d5       82%         1
 Slow                     Hex            24%        N/A       82%         1
 Flame Wave               Conj/Fire      22%        2d8       82%         4
 Dazzling Flash           Conj/Hex       26%        N/A       83%         3
 Ensorcelled Hibernation  Hex/Ice        12%        N/A       91%         2
 Mephitic Cloud           Conj/Pois/Air  11%        N/A       91%         3
 Confusing Touch          Hex            6%         N/A       99%         3
 Frozen Ramparts          Ice            12%        1d2       99%         3
 Ozocubu's Armour         Ice            6%         N/A       99%         3
 Swiftness                Air            6%         N/A       99%         3
 Fulminant Prism          Conj/Hex       6%         3d7       99%         4
 Hailstorm                Conj/Ice       13%        3d5       99%         4
 Fireball                 Conj/Fire      11%        3d7       99%         5
 Iskenderun's Battlesphe  Conj           21%        2d7       99%         5
 Dispersal                Tloc           16%        N/A       99%         6
 Airstrike                Air            3%         2d(1-17)  100%        4
 Cause Fear               Hex            3%         N/A       100%        4
 Metabolic Englaciation   Hex/Ice        3%         N/A       100%        5
 Conjure Ball Lightning   Conj/Air       6%         3x3d6     100%        6
 Starburst                Conj/Fire      11%        6d5       100%        6
 Orb of Destruction       Conj           10%        9d6       100%        7
 Ozocubu's Refrigeration  Ice            3%         4d8       100%        7
 Discord                  Hex            3%         N/A       100%        8
 Disjunction              Tloc           16%        N/A       100%        8
 Maxwell's Capacitive Co  Air            3%         ∞         100%        8
 Beastly Appendage        Tmut           Unusable   N/A       N/A         1
 Necrotise                Necr           Unusable   1d5       N/A         1
 Sting                    Tmut/Pois      Unusable   1d4       N/A         1
 Summon Small Mammal      Summ           Unusable   N/A       N/A         1
 Call Imp                 Summ           Unusable   N/A       N/A         2
 Passwall                 Tmut/Erth      Unusable   N/A       N/A         2
 Wereblood                Tmut           Unusable   N/A       N/A         2
 Call Canine Familiar     Summ           Unusable   N/A       N/A         3
 Spider Form              Tmut/Pois      Unusable   N/A       N/A         3
 Tukima's Dance           Hex            Unusable   N/A       N/A         3
 Vampiric Draining        Necr           Unusable   2d6       N/A         3
 Summon Forest            Summ/Tloc      Unusable   N/A       N/A         5
 Anguish                  Hex/Necr       Unusable   N/A       N/A         4
 Animate Armour           Summ/Erth      Unusable   N/A       N/A         4
 Animate Dead             Necr           Unusable   N/A       N/A         4
 Corpse Rot               Necr/Pois/Air  Unusable   N/A       N/A         4
 Dispel Undead            Necr           Unusable   3d8       N/A         4
 Ice Form                 Ice/Tmut       Unusable   N/A       N/A         4
 Leda's Liquefaction      Hex/Erth       Unusable   N/A       N/A         4
 Petrify                  Tmut/Erth      Unusable   N/A       N/A         4
 Summon Ice Beast         Ice/Summ       Unusable   N/A       N/A         4
 Summon Lightning Spire   Summ/Air       Unusable   N/A       N/A         4
 Alistair's Intoxication  Tmut/Pois      Unusable   N/A       N/A         5
 Blade Hands              Tmut           Unusable   N/A       N/A         5
 Borgnjor's Vile Clutch   Necr/Erth      Unusable   N/A       N/A         5
 Irradiate                Conj/Tmut      Unusable   3d13      N/A         5
 Lee's Rapid Deconstruct  Erth           Unusable   3d6*      N/A         5
 Summon Mana Viper        Hex/Summ       Unusable   N/A       N/A         5
 Yara's Violent Unravell  Hex/Tmut       Unusable   3d4       N/A         5
 Death Channel            Necr           Unusable   N/A       N/A         6
 Eringya's Noxious Bog    Tmut/Pois      Unusable   N/A       N/A         6
 Iron Shot                Conj/Erth      Unusable   9d2       N/A         6
 Simulacrum               Ice/Necr       Unusable   N/A       N/A         6
 Statue Form              Tmut/Erth      Unusable   N/A       N/A         6
 Summon Cactus Giant      Summ           Unusable   N/A       N/A         6
 Dragon Form              Tmut           Unusable   N/A       N/A         7
 Spellforged Servitor     Conj/Summ      Unusable   N/A       N/A         7
 Storm Form               Tmut/Air       Unusable   N/A       N/A         7
 Infestation              Necr           Unusable   N/A       N/A         8
 Lehudib's Crystal Spear  Conj/Erth      Unusable   10d3      N/A         8
 Dragon's Call            Summ           Unusable   N/A       N/A         9

Dungeon Overview and Level Annotations

Branches:
Dungeon (15/15)            Temple (0/1) D:5            Lair (5/5) D:9
  Swamp (4/4) Lair:2        Snake (4/4) Lair:3        Slime (2/5) Lair:5
    Orc (2/2) D:12            Elf (3/3) Orc:2        Vaults (5/5) D:14
  Crypt (3/3) Vaults:3       Tomb (2/3) Crypt:3      Depths (4/4) D:15
    Zot (5/5) Depths:4      IceCv (visited)          WizLab (visited)

Altars:
Kikubaaqudgha
Nemelex Xobeh
Okawaru
Qazlal
Ru
Sif Muna
Trog
Uskayaw
Xom
The Shining One

Shops:
Orc:2 [(!(   Elf:3 :[!(!   Snake:2 *(!=::   Vaults:1 =   Vaults:2 *
Vaults:3 :

Portals:
Hell: Depths:1 Depths:2 Depths:3 Depths:4
Abyss: Depths:2 Depths:3
Pandemonium: Depths:2
Ziggurat: Depths:1

Annotations:
Elf:2 2 runed translucent doors
Vaults:4 4 runed translucent doors


Innate Abilities, Weirdness & Mutations

You cannot be stealthy.
You are hated by all.
You cannot study or cast Earth magic.
You cannot study or cast Necromancy magic.
You cannot study or cast Transmutations magic.
You are somewhat unskilled. (-1 Apt)
You are sensitive to extremes of temperature. (rF-, rC-)
Your mind is acute. (Int +4, Str/Dex -1)
Armour fits poorly on your strangely shaped body.
You are strong-willed. (Will+)
You occasionally lose the ability to drink potions when taking damage.


Message History

The rakshasa gestures at you. The lance of force misses you.
You puncture the rakshasa! You freeze the rakshasa.
The rakshasa is lightly wounded.
You barely miss the rakshasa.
The rakshasa is lightly wounded.
You block the rakshasa's attack.
You closely miss the rakshasa.
The rakshasa is lightly wounded.
The rakshasa is stunned by your conviction and fails to attack.
You hit the rakshasa but do no damage.
The rakshasa is lightly wounded.
You bludgeon the rakshasa!! You freeze the rakshasa.
The rakshasa is heavily wounded.
The injured rakshasa weaves a defensive illusion!
You block the rakshasa's attack. The rakshasa gestures at you.
The lance of force reflects off an invisible shield around you!
The lance of force hits the rakshasa!!
You kill the rakshasa!
The rakshasa shimmers and vanishes!
Unknown command.
You barely miss the rakshasa.
The rakshasa is heavily wounded.
The rakshasa is stunned by your conviction and fails to attack.
You block the rakshasa's attack.
You stick the rakshasa like a pincushion!!!
You freeze the rakshasa.
You kill the rakshasa!
The rakshasa shimmers and vanishes!
The rakshasa misses you.
You bludgeon the rakshasa!! You freeze the rakshasa!
The rakshasa is almost dead.
You block the rakshasa's attack.
You bludgeon the rakshasa!! You freeze the rakshasa.
You kill the rakshasa!
Things that are here:
3 stones; a +0 club
There is a dry fountain, spattered with blood here.
There is a staircase leading out of the dungeon here.
You have escaped!

#.# ### #.# # #.# # ###
#.# # ##.### #.# #
######.#..###.# #
#⌠...⌠####.##.# #
#....)###..##.### #
#.@.>.##........# #
#.....##.~~...#.#
#⌠...⌠##.~~...#.# ########
########......#.###
#......#
###############....
#.####.###..........#
#####
#.##.#.##.....#####.##
#.#^..........#####..##
#.##.#.##.....##......####


There were no monsters in sight!

Vanquished Creatures
  An ancient lich (Crypt:3)
  2 dread liches
  Mennas (Vaults:4)
  5 orbs of fire
  A juggernaut (Depths:4)
  A royal mummy (Tomb:1)
  Boris (Depths:4)
  Sojobo (Crypt:1)
  5 Killer Klowns
  Frederick (Crypt:1)
  Margery (Crypt:1)
  A curse toe (Zot:5)
  Saint Roka (Orc:2)
  Nikola (Snake:1)
  11 golden dragons
  2 bone dragons
  3 electric golems
  A Hellbinder (WizLab)
  23 tentacled monstrosities
  The ghost of Muvus the Executioner, an adept DsFi of Uskayaw (Vaults:4)
  Jorgrun (Snake:1)
  An Ice Fiend (IceCv)
  24 Orb Guardians
  8 quicksilver dragons
  2 deep elf blademasters (Elf:3)
  2 deep elf master archers (Elf:3)
  8 liches
  Frances (D:13)
  4 titans (Vaults:5)
  An Executioner (D:11)
  9 death cobs
  13 sphinxes
  2 thorn hunters
  7 tengu reavers
  6 acid blobs
  Kirke (D:14)
  16 storm dragons
  15 shadow dragons
  Agnes (D:14)
  Donald (Vaults:2)
  4 draconian monks
  3 revenants
  9 fire giants
  2 fenstrider witches
  2 azure jellies
  7 draconian knights
  8 frost giants
  6 nagarajas
  8 deep elf sorcerers
  5 draconian scorchers
  3 ghost moths
  Aizul (Swamp:3)
  16 vault wardens
  A caustic shrike zombie (Tomb:1)
  5 deep elf elementalists (Elf:3)
  10 draconian shifters
  2 balrugs
  4 iron dragons
  Louise (Elf:1)
  A curse skull (Crypt:3)
  4 ghouls
  11 war gargoyles
  A reaper (Crypt:2)
  4 draconian annihilators
  4 draconian stormcallers
  13 ironbound preservers
  17 stone giants
  A demonspawn blood saint (WizLab)
  23 very ugly things
  4 spriggan defenders
  6 ironbound thunderhulks
  A quicksilver ooze (Slime:2)
  5 vampire knights
  7 deep elf demonologists
  3 juggernaut skeletons
  2 eleionomae (Swamp:1)
  A bennu (Tomb:2)
  A dire elephant (Vaults:4)
  6 black draconians
  7 deep elf annihilators
  Nessos (D:15)
  7 yellow draconians
  6 green draconians
  6 white draconians
  An eidolon (Crypt:2)
  3 lorocyprocas (WizLab)
  16 red draconians
  9 purple draconians
  5 bunyips
  A spark wasp (Depths:1)
  Snorg (D:14)
  2 green deaths (WizLab)
  2 blizzard demons (WizLab)
  A crystal guardian (Vaults:4)
  10 deep elf death magi
  14 ettins
  Fannar (D:10)
  Josephine (Snake:1)
  6 mummy priests
  10 fire dragons
  3 deep elf high priests
  15 yaktaur captains
  3 great orbs of eyes
  A shambling mangrove (Swamp:2)
  A spriggan zombie (Crypt:3)
  8 ice dragons
  3 rakshasas
  A quicksilver dragon skeleton (Crypt:3)
  4 salamander tyrants
  44 vault guards
  2 caustic shrike simulacra
  3 peacekeepers
  A spriggan skeleton (Crypt:3)
  5 boulder beetles
  2 hell beasts (D:2)
  12 hydras
  9 ironbound frosthearts
  A spriggan air mage (Depths:3)
  15 two-headed ogres
  5 ogre magi
  3 catoblepae (Lair:5)
  15 naga warriors
  7 anacondas
  2 death knights (Crypt:2)
  11 deep troll shamans
  20 death yaks
  An Orb Guardian skeleton (Crypt:2)
  12 centaur warriors
  11 alligators
  21 death scarabs
  21 dancing weapons
  4 orc high priests
  6 naga sharpshooters
  5 deep troll earth magi
  4 vampire magi
  3 shock serpents
  5 tengu warriors
  4 spriggan berserkers
  4 soul eaters
  3 sun demons
  4 iron trolls
  3 salamander mystics
  21 deep elf knights
  10 hell knights
  A shadow wraith (Vaults:5)
  2 sixfirhies
  27 skeletal warriors
  3 flayed ghosts
  4 sea snakes (Snake:3)
  27 deep trolls
  2 glowing orange brains (Depths:1)
  A shadow demon (WizLab)
  5 naga ritualists
  2 bunyip zombies (Crypt:3)
  A spark wasp zombie (Crypt:1)
  6 spriggan simulacra
  9 bog bodies
  3 spriggan druids
  An obsidian statue (IceCv)
  8 swamp dragons
  12 lindwurms
  9 wizards
  2 goliath frogs (Swamp:2)
  6 deep elf archers
  The ghost of daybreaker the Cudgeller, a novice DrBe of Trog (D:10)
  A bunyip skeleton (Crypt:3)
  An anaconda skeleton (Tomb:1)
  37 deep elf zephyrmancers
  9 phantasmal warriors
  7 necromancers
  10 orc knights
  43 deep elf pyromancers
  An oklob plant (Lair:4)
  36 ugly things
  A wolf spider zombie (Crypt:1)
  A harpy (Vaults:2)
  A shining eye (shapeshifter) (Vaults:5)
  A human zombie (Vaults:2)
  20 ironbound convokers
  A stone giant zombie (Tomb:1)
  A salamander (shapeshifter) (Vaults:5)
  The ghost of u553311 the Ducker, a novice DjVM of Ashenzari (D:5)
  9 mana vipers
  6 orc sorcerers
  10 salamanders
  5 manticores
  3 shining eyes
  13 elephants
  6 cyclopes
  6 guardian serpents
  3 will-o-the-wisps
  18 moths of wrath
  7 fire giant skeletons (Crypt:3)
  An iron dragon skeleton (Crypt:3)
  12 naga magi
  7 rust devils
  21 vault sentinels
  2 spectral iron trolls (Crypt:1)
  A stone giant skeleton (Vaults:2)
  35 black mambas
  A torpor snail (Lair:5)
  3 smoke demons
  5 orange demons
  A water nymph (shapeshifter) (D:15)
  10 cane toads
  An unseen horror (D:10)
  3 rime drakes
  4 gargoyles (Crypt:3)
  A naga skeleton (Crypt:1)
  A dire elephant zombie (Crypt:1)
  A kobold demonologist (D:12)
  A yaktaur zombie (Vaults:2)
  An elephant slug zombie (Crypt:1)
  A death yak zombie (Crypt:2)
  A dire elephant skeleton (Crypt:3)
  A yaktaur (shapeshifter) (Elf:1)
  38 yaktaurs
  2 tormentors (WizLab)
  3 efreet
  21 guardian mummies
  A spectral deep troll (Crypt:1)
  8 freezing wraiths
  A golden dragon simulacrum (IceCv)
  7 komodo dragons
  14 ice devils
  6 tengu conjurers
  2 hellwings
  An anaconda simulacrum (IceCv)
  3 red devils (D:13)
  2 polar bears (Lair:4)
  9 trolls
  8 hornets
  A polar bear (shapeshifter) (Elf:2)
  A queen bee (shapeshifter) (D:8)
  A shadow dragon simulacrum (Tomb:1)
  5 meliai (D:14)
  A troll (shapeshifter) (Vaults:2)
  A harpy skeleton (Crypt:3)
  Prince Ribbit (D:6)
  A wolf spider simulacrum (D:12)
  15 blink frogs
  8 dream sheep (Lair:5)
  Grinder (D:5)
  63 slime creatures
  6 tyrant leeches
  A fire dragon zombie (Crypt:1)
  5 shadows
  14 spriggans
  Sigmund (D:2)
  A culicivora (shapeshifter) (Depths:1)
  5 flying skulls (Crypt:1)
  12 wraiths
  A dire elephant simulacrum (IceCv)
  An air elemental (Elf:2)
  5 ynoxinuls
  An ettin skeleton (Vaults:2)
  A vampire (D:12)
  2 wyverns
  69 yaks
  9 fire dragon skeletons (Crypt:3)
  4 water elementals
  9 humans
  22 fire elementals
  6 basilisks
  11 ushabtiu
  A neqoxec (WizLab)
  Eustachio (D:5)
  16 vampire mosquitoes
  A golden eye (shapeshifter) (D:13)
  A golden eye (Zot:3)
  A hog (D:14)
  A chaos spawn (D:13)
  4 harpy simulacra (IceCv)
  5 swamp worm simulacra (Swamp:4)
  An elf skeleton (Vaults:2)
  12 minotaur simulacra (IceCv)
  39 nagas
  11 swamp worms
  7 wargs
  Edmund (D:5)
  A fire bat zombie (Crypt:1)
  13 water moccasins
  An acid dragon (D:11)
  A glowing shapeshifter zombie (Vaults:2)
  A swamp drake (Swamp:2)
  13 hydra simulacra (Swamp:4)
  An alligator simulacrum (IceCv)
  32 orc warriors
  2 sky beasts
  4 ice beasts
  3 black bears
  A small abomination (Zot:3)
  12 ogres
  14 wolves
  2 human skeletons (Vaults:2)
  4 boggarts
  9 centaurs
  A manticore skeleton (Crypt:2)
  A phantom (D:7)
  5 kobold brigands
  14 bullfrogs
  4 scorpions
  9 deep troll simulacra (IceCv)
  5 necrophages (Crypt:2)
  4 earth elementals
  11 wights
  12 killer bees
  2 lindwurm simulacra (IceCv)
  A polar bear skeleton (Crypt:1)
  2 howler monkeys
  3 electric eels
  A bullfrog skeleton (Crypt:2)
  5 hounds
  22 orc priests
  2 gnoll boudas (D:5)
  3 centaur skeletons
  27 orc wizards
  3 iguanas (D:5)
  24 mummies
  30 gnolls
  7 adders
  A steam dragon skeleton (Crypt:1)
  3 shadow imps
  A white imp (D:7)
  2 ufetubi
  3 swamp drake simulacra (Swamp:4)
  A worm zombie (Crypt:2)
  A worm (D:3)
  3 dart slugs
  59 orcs
  4 ball pythons
  3 bats (D:1)
  6 endoplasms
  4 giant cockroaches
  12 goblins
  15 hobgoblins
  20 jackals
  28 kobolds
  6 quokkas
  3 frilled lizards (D:1)
  5 rats
  A briar patch (Swamp:2)
  3 bushes (Lair:5)
2361 creatures vanquished.

Vanquished Creatures (collateral kills)
  2 wights (D:8)
  A gnoll (D:4)
  An orc (D:4)
4 creatures vanquished.

Vanquished Creatures (others)
  A Killer Klown (Zot:5)
  A bone dragon (Depths:4)
  A tentacled monstrosity (Zot:1)
  A nagaraja (Snake:4)
  A draconian knight (Zot:4)
  A vault warden (Vaults:5)
  A deep elf elementalist (Elf:3)
  A draconian stormcaller (Zot:1)
  An ironbound thunderhulk (Vaults:2)
  A quicksilver ooze (Slime:2)
  An eleionoma (Swamp:2)
  A vampire knight (Crypt:2)
  2 very ugly things
  A red draconian (Zot:2)
  A fire dragon (Zot:3)
  A blizzard demon (WizLab)
  A yaktaur captain (Vaults:3)
  A hydra (Swamp:3)
  An alligator (Swamp:1)
  A naga warrior (Snake:3)
  2 death scarabs
  A naga sharpshooter (Snake:3)
  2 deep elf knights
  A salamander mystic (Snake:4)
  A goliath frog (Swamp:1)
  2 deep trolls
  A deep elf archer (Elf:2)
  A phantasmal warrior (Vaults:5)
  An orc knight (Orc:2)
  3 deep elf pyromancers
  2 deep elf zephyrmancers (Elf:2)
  2 manticores (D:14)
  2 moths of wrath
  A cyclops (D:14)
  2 black mambas
  A vault sentinel (Vaults:2)
  A freezing wraith (Swamp:4)
  5 bloated husks
  A tyrant leech (Swamp:4)
  A slime creature (Slime:2)
  A spriggan (Lair:2)
  An air elemental (Elf:2)
  3 humans (D:14)
  2 yaks
  A wyvern (Lair:3)
  A naga (Snake:4)
  2 swamp worms (Swamp:4)
  An acid dragon (Zot:3)
  A hydra simulacrum (Swamp:4)
  A meliai simulacrum (D:12)
  A centaur (D:15)
  A howler monkey (D:4)
  A gnoll (D:5)
  4 briar patches
  5 demonic plants (D:13)
  2 foxfires (Swamp:4)
  40 fungi
  146 plants
  23 withered plants (Crypt:3)
291 creatures vanquished.

Grand Total: 2656 creatures vanquished

Notes
Turn   | Place    | Note
-------+----------+-------------------------------------------
     0 | D:1      | HOAXBANE2 the Human Artificer began the quest for the Orb.
     0 | D:1      | Reached XP level 1. HP: 15/15 MP: 1/1
   115 | D:1      | Reached XP level 2. HP: 21/21 MP: 2/2
   878 | D:1      | Reached XP level 3. HP: 22/26 MP: 3/3
  1614 | D:2      | You fall into a shaft and drop 1 floor!
  1625 | D:3      | Identified the amulet of Liun {RegenMP Rampage rF+}
  1706 | D:2      | Noticed Sigmund
  1714 | D:2      | Killed Sigmund
  1715 | D:2      | Reached XP level 4. HP: 21/32 MP: 4/4
  1715 | D:2      | Reached XP level 5. HP: 24/37 MP: 5/5
  1715 | D:2      | Reached XP level 6. HP: 28/43 MP: 6/6
  2319 | D:2      | Reached skill level 1 in Spellcasting
  2480 | D:3      | Identified the ring of Huruirphyu {rC++ EV+4 Str+4 Int-4}
  2692 | D:3      | Learned a level 2 spell: Blink
  2723 | D:3      | Found a faded altar of an unknown god.
  3544 | D:3      | Reached skill level 1 in Translocations
  3655 | D:3      | Reached XP level 7. HP: 27/48 MP: 9/9
  4194 | D:4      | Found a large runed translucent door.
  4197 | D:4      | Found a large runed translucent door.
  4255 | D:4      | Found a sacrificial altar of Ru.
  4262 | D:4      | Found a shimmering blue altar of Sif Muna.
  4277 | D:4      | Became a worshipper of Ru the Awakened
  5116 | D:4      | Reached XP level 8. HP: 20/60 MP: 9/11
  5553 | D:4      | Reached skill level 5 in Fighting
  5553 | D:4      | Reached skill level 1 in Polearms
  6075 | D:5      | Entered Level 5 of the Dungeon
  6300 | D:5      | Found a staircase to the Ecumenical Temple.
  6419 | D:5      | Gained mutation: You are sensitive to extremes of
                  | temperature. (rF-, rC-) [Ru sacrifice]
  6419 | D:5      | Reached * piety under Ru
  6419 | D:5      | Reached ** piety under Ru
  6797 | D:5      | Found a bloodstained altar of Trog.
  7040 | D:5      | Found a runed translucent door.
  7043 | D:5      | Noticed u553311's ghost (novice DjVM)
  7057 | D:5      | Noticed Edmund
  7102 | D:5      | Killed Edmund
  7157 | D:5      | Identified the +1 leather armour of the Hidden Lovers {rF+
                  | rC+ rCorr Int-4}
  7632 | D:5      | Killed u553311's ghost
  7633 | D:5      | Reached skill level 5 in Dodging
  7633 | D:5      | Reached XP level 9. HP: 58/68 MP: 12/12
  8414 | D:6      | Noticed Grinder
  8452 | D:5      | Killed Grinder
  8540 | D:6      | Reached skill level 5 in Maces & Flails
  8747 | D:6      | Noticed Prince Ribbit
  9131 | D:6      | Killed Prince Ribbit
  9247 | D:6      | Noticed Eustachio
  9275 | D:6      | Reached XP level 10. HP: 74/74 MP: 13/13
  9289 | D:5      | Killed Eustachio
  9311 | D:5      | Learned a level 3 spell: Lesser Beckoning
  9521 | D:7      | Reached skill level 5 in Translocations
  9898 | D:7      | Gained mutation: You cannot be stealthy. [Ru sacrifice]
 10059 | D:7      | Found an iron altar of Okawaru.
 10060 | D:7      | Found a shimmering altar of Xom.
 10060 | D:7      | Found a glowing golden altar of the Shining One.
 10086 | D:7      | Found a hide-covered altar of Uskayaw.
 11982 | D:8      | Paralysed by a hornet for 1 turns
 11986 | D:8      | Reached XP level 11. HP: 64/79 MP: 17/17
 13491 | D:8      | Reached skill level 5 in Armour
 13805 | D:9      | Found a staircase to the Lair.
 14946 | Lair:1   | Entered Level 1 of the Lair of Beasts
 15967 | D:10     | Entered Level 10 of the Dungeon
 16098 | D:10     | Noticed Fannar
 16139 | D:10     | Killed Fannar
 16140 | D:10     | Reached XP level 12. HP: 72/88 MP: 15/18
 16375 | D:9      | Gained mutation: You are hated by all. [Ru sacrifice]
 16375 | D:9      | Reached *** piety under Ru
 16375 | D:9      | Reached **** piety under Ru
 16462 | D:10     | Learned a level 2 spell: Searing Ray
 16464 | D:10     | Learned a level 1 spell: Magic Dart
 16467 | D:10     | Noticed a two-headed ogre
 16469 | D:10     | Noticed daybreaker's ghost (novice DrBe)
 16475 | D:10     | Found a transporter.
 16476 | D:10     | Found a bloodstained altar of Trog.
 16477 | D:10     | Noticed a two-headed ogre
 16478 | D:10     | Noticed a tengu warrior
 16483 | D:10     | Found a transporter.
 16707 | D:10     | Noticed a two-headed ogre
 16713 | D:10     | Killed a two-headed ogre
 18101 | D:11     | Learned a level 3 spell: Conjure Flame
 18198 | D:11     | Reached skill level 1 in Fire Magic
 18479 | D:11     | Reached skill level 5 in Conjurations
 19786 | Lair:2   | Found a staircase to the Swamp.
 20217 | Lair:2   | Gained mutation: You are somewhat unskilled. (-1 Apt) [Ru
                  | sacrifice]
 20217 | Lair:2   | Reduced skill Fighting to level 5
 20217 | Lair:2   | Reached ***** piety under Ru
 20482 | Lair:2   | Noticed a six-headed hydra
 20500 | Lair:2   | Killed a six-headed hydra
 20728 | Lair:2   | Reached XP level 13. HP: 85/93 MP: 13/18
 21212 | Lair:1   | Reached skill level 5 in Translocations
 21213 | Lair:1   | Reached skill level 5 in Conjurations
 21904 | Lair:3   | Reached skill level 10 in Dodging
 23035 | Lair:3   | Found a staircase to the Snake Pit.
 23441 | Lair:3   | Found a staircase to the Snake Pit.
 24293 | Lair:4   | Identified the +1 whip of Conweetho {spect, Str+2}
 24786 | Lair:4   | Noticed a boulder beetle
 24799 | Lair:4   | Killed a boulder beetle
 24864 | Lair:4   | Gained mutation: You cannot study or cast Earth magic. [Ru
                  | sacrifice]
 24864 | Lair:4   | Gained mutation: You cannot study or cast Transmutations
                  | magic. [Ru sacrifice]
 24864 | Lair:4   | Gained mutation: You cannot study or cast Necromancy magic.
                  | [Ru sacrifice]
 24864 | Lair:4   | Reached ****** piety under Ru
 25303 | Lair:4   | Reached skill level 5 in Spellcasting
 25359 | Lair:4   | Noticed a five-headed hydra
 25366 | Lair:4   | Killed a five-headed hydra
 25659 | Lair:4   | Reached XP level 14. HP: 103/103 MP: 21/21
 25884 | Lair:5   | Entered Level 5 of the Lair of Beasts
 26602 | Lair:5   | Identified the ring "Zeramab" {rF+ Will+ Str+3 Stlth+}
 26624 | Lair:5   | Reached skill level 10 in Fighting
 27964 | Lair:5   | Reached XP level 15. HP: 90/111 MP: 13/22
 28498 | Lair:5   | Found a staircase to the Slime Pits.
 28677 | Lair:5   | Reached skill level 10 in Maces & Flails
 29891 | D:12     | Found a staircase to the Orcish Mines.
 29906 | D:11     | Gained mutation: You are clumsy. (Dex -2) [potion of
                  | mutation]
 29907 | D:11     | Lost mutation: You are clumsy. (Dex -2) [potion of
                  | mutation]
 29907 | D:11     | Gained mutation: You are robust. (+10% HP) [potion of
                  | mutation]
 29907 | D:11     | Gained mutation: Your muscles are strong. (Str +4, Int/Dex
                  | -1) [potion of mutation]
 31622 | D:12     | Learned a level 5 spell: Manifold Assault
 31645 | D:13     | Identified the +2 robe "Minubb" {+Blink Dex+2 Slay-2}
 31671 | D:13     | Noticed Frances
 31687 | D:13     | Killed Frances
 33338 | D:13     | Reached XP level 16. HP: 134/134 MP: 24/24
 33546 | D:13     | Found a shimmering altar of Xom.
 34018 | Orc:1    | Entered Level 1 of the Orcish Mines
 34315 | Orc:2    | Entered Level 2 of the Orcish Mines
 34612 | Orc:2    | Noticed Saint Roka
 35009 | Swamp:1  | Entered Level 1 of the Swamp
 36242 | Swamp:1  | Identified the +3 pair of gloves of the Endless Queens
                  | {rElec rN+ Str+2}
 38205 | Slime:1  | Entered Level 1 of the Pits of Slime
 38205 | Slime:1  | Noticed an acid blob
 38205 | Slime:1  | Noticed an acid blob
 38285 | Snake:1  | Entered Level 1 of the Snake Pit
 38698 | Snake:1  | Noticed Jorgrun
 38698 | Snake:1  | Noticed Josephine
 38704 | Snake:1  | Reached skill level 1 in Shields
 38704 | Snake:1  | Killed Josephine
 38710 | Snake:1  | Killed Jorgrun
 38949 | Snake:1  | Noticed Nikola
 39197 | D:14     | Noticed Kirke
 39206 | D:14     | Killed Kirke
 39672 | D:14     | Noticed Snorg
 39672 | D:14     | Noticed Agnes
 39679 | D:14     | Killed Snorg
 39680 | D:14     | Killed Agnes
 40105 | D:14     | Reached skill level 5 in Shields
 40573 | D:14     | Reached XP level 17. HP: 116/123 MP: 16/29
 41366 | D:14     | Found a gate to the Vaults.
 41421 | D:15     | Entered Level 15 of the Dungeon
 42118 | D:15     | Found a staircase to the Depths.
 42500 | D:15     | Noticed Nessos
 42516 | D:15     | Killed Nessos
 43696 | D:15     | Found a sparkling altar of Nemelex Xobeh.
 44056 | Depths:1 | Entered Level 1 of the Depths
 44056 | Depths:1 | Found a one-way gateway to a ziggurat.
 44124 | D:15     | Reached skill level 10 in Shields
 44733 | Depths:1 | Noticed a storm dragon
 44738 | Depths:1 | Noticed a lich
 44762 | D:15     | Killed a storm dragon
 45235 | D:10     | Killed daybreaker's ghost
 45570 | Orc:2    | Killed Saint Roka
 45571 | Orc:2    | Reached skill level 10 in Armour
 45658 | Orc:2    | Found a staircase to the Elven Halls.
 46218 | Orc:2    | Found Xanimupn's Antique Weapon Shop.
 46702 | Orc:2    | Gained mutation: You occasionally lose the ability to read
                  | scrolls when taking damage. [a neqoxec]
 46740 | Orc:2    | Found Jaukod's Antique Armour Shop.
 46749 | Orc:2    | Found Amuunetuut's Weapon Shoppe.
 46753 | Orc:2    | Found Sueveonwo's Distillery.
 46939 | Orc:2    | Reached XP level 18. HP: 124/147 MP: 25/30
 47667 | Orc:2    | Bought a spiked plate armour for 560 gold pieces
 47667 | Orc:2    | Identified the +8 plate armour of a ziggurat {*Slow rF++
                  | Str+3} (You bought it in a shop on level 2 of the Orcish
                  | Mines)
 47667 | Orc:2    | Bought a slimy leather armour for 140 gold pieces
 47667 | Orc:2    | Identified the +0 leather armour of the Trees {+Blink} (You
                  | bought it in a shop on level 2 of the Orcish Mines)
 47689 | Orc:2    | Bought 2 potions of curing for 78 gold pieces
 47689 | Orc:2    | Bought a potion of curing for 39 gold pieces
 47689 | Orc:2    | Bought a potion of curing for 39 gold pieces
 47689 | Orc:2    | Bought a potion of curing for 39 gold pieces
 47691 | Orc:2    | Bought a twisted war axe for 280 gold pieces
 47691 | Orc:2    | Identified the +3 war axe of Premature Burial {freeze,
                  | *Rage Str+6} (You bought it in a shop on level 2 of the
                  | Orcish Mines)
 50262 | Swamp:3  | Noticed a tentacled monstrosity
 50280 | Swamp:3  | Killed a tentacled monstrosity
 50427 | Swamp:3  | Got the Cyclopedia of Unstable Venin
 52450 | Elf:1    | Entered Level 1 of the Elven Halls
 52597 | Elf:1    | Found a magical portal.
 52600 | WizLab   | Entered The Hall of the Hellbinder
 53571 | WizLab   | Identified the ring of Xoudem {rElec rCorr EV+4 Slay-4
                  | Stlth+}
 53668 | WizLab   | Reached skill level 15 in Maces & Flails
 53866 | WizLab   | Identified the amulet of Ukhisi {RegenMP rElec Regen+}
 53866 | WizLab   | Noticed Ochua
 53887 | WizLab   | Noticed an Ice Fiend
 53892 | WizLab   | Killed Ochua the Hellbinder
 53946 | WizLab   | Got Wijac's Directory of Assembling
 53982 | WizLab   | Identified the ring of Sif Muna's Delight {rC+ Will+ AC+4
                  | Str+3 Dex-5}
 53998 | WizLab   | Found a burning altar of Makhleb.
 54731 | Elf:1    | Noticed Louise
 54854 | Elf:1    | Reached XP level 19. HP: 154/154 MP: 31/31
 54908 | Elf:1    | Killed Louise
 55021 | Elf:1    | Got the Parchment of Liberalism
 55824 | Elf:2    | Paralysed by an air elemental for 1 turns
 55975 | Elf:2    | Found a large runed translucent door.
 55975 | Elf:2    | Found a large runed translucent door.
 56010 | Elf:2    | Found a large runed translucent door.
 56010 | Elf:2    | Found a large runed translucent door.
 57602 | Snake:1  | Killed Nikola
 58202 | Snake:1  | Identified a scroll of acquirement
 58208 | Snake:1  | Acquired the +1 helmet "Wuvogal" {rC- rN++ Will+ Str+4}
 58227 | Snake:1  | Acquired a There-And-Back Book
 58233 | Snake:1  | Learned a level 3 spell: Teleport Other
 58237 | Snake:1  | Learned a level 3 spell: Gell's Gravitas
 58278 | Snake:1  | Identified the +4 ring mail "Fyuh" {Rampage rElec rPois
                  | Dex+4}
 58381 | Snake:1  | Reached XP level 20. HP: 161/161 MP: 30/32
 59600 | Snake:2  | Found Notyuw's Book Emporium.
 59601 | Snake:2  | Found Xisau's Jewellery Boutique.
 59602 | Snake:2  | Found Enah's Book Emporium.
 59956 | Snake:2  | Found Effiuruwk's Distillery.
 59956 | Snake:2  | Found Zexo's Jewellery Shoppe.
 59968 | Snake:2  | Found Caettell's Weapon Shop.
 59970 | Snake:2  | Bought a potion of haste for 170 gold pieces
 59971 | Snake:2  | Found Soogaull's Assorted Antiques.
 59980 | Snake:2  | Bought a potion of might for 104 gold pieces
 59980 | Snake:2  | Bought a pair of warped gloves for 247 gold pieces
 59980 | Snake:2  | Identified the +0 pair of gloves of the Komodo Dragon
                  | {rElec Dex+4 Stlth-} (You bought it in a shop on level 2 of
                  | the Snake Pit)
 61930 | Snake:4  | Entered Level 4 of the Snake Pit
 62228 | Snake:4  | Identified the +10 battleaxe of Moderation {drain, Int+3
                  | Dex+6}
 62505 | Snake:4  | Found a frozen archway.
 62516 | IceCv    | Entered an ice cave
 63355 | IceCv    | Noticed an Ice Fiend
 63371 | IceCv    | Killed an Ice Fiend
 63568 | IceCv    | Got the Volume of Hypothermia
 63889 | Snake:4  | Identified the +8 plate armour of the Elephant {rN+}
 64092 | Snake:4  | Reached XP level 21. HP: 141/150 MP: 21/33
 64544 | Snake:4  | Reached skill level 15 in Shields
 65051 | Snake:4  | Identified the +4 buckler of the Stone Wall {rElec rPois
                  | rCorr}
 65232 | Snake:4  | Got a serpentine rune of Zot
 65664 | Swamp:3  | Noticed Aizul
 65684 | Swamp:3  | Killed Aizul
 66051 | Swamp:4  | Entered Level 4 of the Swamp
 67427 | Swamp:4  | Got a decaying rune of Zot
 67808 | Orc:2    | Bought a potion of might for 52 gold pieces
 67808 | Orc:2    | Bought a potion of might for 52 gold pieces
 67975 | Vaults:1 | Entered Level 1 of the Vaults
 68238 | Vaults:1 | Reached skill level 15 in Armour
 68522 | Vaults:1 | Found Nuclaah's Jewellery Shoppe.
 68591 | Vaults:1 | Reached skill level 10 in Evocations
 69708 | Vaults:2 | Reached XP level 22. HP: 168/183 MP: 34/34
 70365 | Vaults:2 | Noticed Donald
 70404 | Vaults:2 | Killed Donald
 70662 | Vaults:2 | Found Xasawyku's General Store.
 70670 | Vaults:2 | Bought a scroll of blinking for 142 gold pieces
 71015 | Vaults:2 | Identified the +1 leather armour of the Hills {rC- rN+
                  | Str+4}
 72427 | Vaults:3 | Found a staircase to the Crypt.
 72427 | Vaults:3 | Found an ancient bone altar of Kikubaaqudgha.
 72567 | Vaults:3 | Learned a level 2 spell: Scorch
 72779 | Vaults:3 | Reached skill level 5 in Fire Magic
 72844 | Vaults:3 | Found Mewap's Book Shop.
 73511 | Vaults:4 | Noticed Mennas
 73572 | Vaults:4 | Killed Mennas
 74206 | Vaults:4 | Found a large runed translucent door.
 74206 | Vaults:4 | Found a large runed translucent door.
 74206 | Vaults:4 | Found a large runed translucent door.
 74206 | Vaults:4 | Found a large runed translucent door.
 74206 | Vaults:4 | Found a large runed translucent door.
 74206 | Vaults:4 | Found a large runed translucent door.
 74206 | Vaults:4 | Found a large runed translucent door.
 74206 | Vaults:4 | Noticed Muvus's ghost (adept DsFi)
 74207 | Vaults:4 | Found a large runed translucent door.
 74293 | Vaults:4 | Reached XP level 23. HP: 171/185 MP: 35/35
 75246 | Vaults:4 | Killed Muvus's ghost
 75460 | Vaults:5 | Entered Level 5 of the Vaults
 75933 | Vaults:5 | Got a silver rune of Zot
 75964 | Vaults:5 | Identified the +1 leather armour of Ycil {SInv}
 76080 | Vaults:5 | Reached skill level 15 in Fighting
 76605 | Vaults:5 | Reached XP level 24. HP: 198/209 MP: 35/35
 76778 | Vaults:5 | Identified the +3 leather armour of Mirth {rF++ rC+ Regen+
                  | Dex-2}
 76892 | Vaults:5 | Noticed a dread lich
 77206 | Vaults:4 | Killed a dread lich
 77410 | Vaults:5 | Noticed a dread lich
 77423 | Vaults:5 | Killed a dread lich
 77627 | Vaults:5 | Noticed a golden dragon
 77639 | Vaults:5 | Killed a golden dragon
 77970 | Vaults:5 | Identified the +0 scale mail of Byelyareubb {rElec rC+}
 78912 | Elf:3    | Entered Level 3 of the Elven Halls
 78966 | Elf:3    | Found Ydoe's Distillery.
 78967 | Elf:3    | Found Bywkoetz's Distillery.
 78973 | Elf:3    | Found Qatofauf's Antique Armour Boutique.
 78974 | Elf:3    | Found Xysator's Weapon Boutique.
 78977 | Elf:3    | Bought a potion of heal wounds for 70 gold pieces
 78977 | Elf:3    | Bought a potion of haste for 140 gold pieces
 78977 | Elf:3    | Bought a potion of haste for 140 gold pieces
 78979 | Elf:3    | Bought a potion of curing for 42 gold pieces
 79097 | Elf:3    | Found Tetumee's Book Emporium.
 79583 | Elf:3    | Identified the +1 robe of the Hall of Blades {rN+ MP+9
                  | Stlth-}
 79620 | Elf:3    | Identified the +4 plate armour "Saejoreu" {-Tele rF+ Str-4
                  | Dex+8}
 79620 | Elf:3    | Identified the ring of the Bright God {rF+ Int+4 Dex+2}
 79706 | Elf:3    | Identified the +6 broad axe "Tush" {vamp, rN+}
 79726 | Elf:3    | Identified the ring of the Scavenger {rPois rF+ Will+
                  | Dex-4}
 80741 | Crypt:1  | Entered Level 1 of the Crypt
 80758 | Crypt:1  | Noticed Frederick
 80786 | Crypt:1  | Killed Frederick
 81101 | Crypt:1  | Noticed Margery
 81328 | Crypt:1  | Killed Margery
 81357 | Crypt:1  | Reached XP level 25. HP: 175/216 MP: 35/35
 81799 | Crypt:1  | Noticed Sojobo
 81808 | Crypt:1  | Paralysed by an air elemental for 1 turns
 81815 | Crypt:1  | Killed Sojobo
 81817 | Crypt:1  | Paralysed by an air elemental for 1 turns
 81823 | Crypt:1  | Paralysed by an air elemental for 1 turns
 81833 | Crypt:1  | Killed the ghostly Sojobo
 82350 | Crypt:2  | Reached skill level 15 in Dodging
 83338 | Crypt:3  | Entered Level 3 of the Crypt
 84280 | Crypt:3  | Found a staircase to the Tomb.
 84402 | Crypt:3  | Noticed an ancient lich
 84420 | Crypt:3  | Killed an ancient lich
 85053 | Crypt:3  | Got the Grimoire of Kinetic Congelation
 85061 | Crypt:3  | Got the Collected Works on Death
 85431 | Crypt:3  | Identified the ring "Daela" {rElec rN++ Int+6 Stlth-}
 86323 | Depths:1 | Got the Essays on Arcane Weapons
 86619 | Slime:1  | Gained mutation: You are dopey. (Int -2) [a shining eye]
 86682 | Slime:1  | Lost mutation: You are robust. (+10% HP) [a shining eye]
 86696 | Lair:5   | Lost mutation: You occasionally lose the ability to read
                  | scrolls when taking damage. [potion of mutation]
 86696 | Lair:5   | Lost mutation: Your muscles are strong. (Str +4, Int/Dex
                  | -1) [potion of mutation]
 86696 | Lair:5   | Lost mutation: You are dopey. (Int -2) [potion of mutation]
 86696 | Lair:5   | Gained mutation: Your spells are a little harder to cast,
                  | but a little more powerful. [potion of mutation]
 86696 | Lair:5   | Gained mutation: You are robust. (+10% HP) [potion of
                  | mutation]
 87543 | Slime:2  | Gained mutation: Armour fits poorly on your strangely
                  | shaped body. [a shining eye]
 87692 | Slime:2  | Reached XP level 26. HP: 189/201 MP: 15/35
 87762 | Slime:2  | Lost mutation: Armour fits poorly on your strangely shaped
                  | body. [potion of mutation]
 87762 | Slime:2  | Lost mutation: Your spells are a little harder to cast, but
                  | a little more powerful. [potion of mutation]
 87762 | Slime:2  | Lost mutation: You are robust. (+10% HP) [potion of
                  | mutation]
 87762 | Slime:2  | Gained mutation: You have a pair of small antennae on your
                  | head. [potion of mutation]
 87762 | Slime:2  | Gained mutation: You expend magic power (3 MP) to
                  | strengthen your wands. [potion of mutation]
 87762 | Slime:2  | Gained mutation: Your flesh is heat resistant. (rF+)
                  | [potion of mutation]
 87765 | Slime:2  | Lost mutation: You expend magic power (3 MP) to strengthen
                  | your wands. [potion of mutation]
 87765 | Slime:2  | Lost mutation: You have a pair of small antennae on your
                  | head. [potion of mutation]
 87765 | Slime:2  | Gained mutation: You have a pair of small horns on your
                  | head. [potion of mutation]
 87765 | Slime:2  | Gained mutation: You expend magic power (3 MP) to
                  | strengthen your wands. [potion of mutation]
 87766 | Slime:2  | Lost mutation: Your flesh is heat resistant. (rF+) [potion
                  | of mutation]
 87766 | Slime:2  | Lost mutation: You have a pair of small horns on your head.
                  | [potion of mutation]
 87766 | Slime:2  | Lost mutation: You expend magic power (3 MP) to strengthen
                  | your wands. [potion of mutation]
 88540 | Tomb:1   | Entered Level 1 of the Tomb of the Ancients
 89936 | Tomb:1   | Noticed a royal mummy
 89958 | Tomb:1   | Killed a royal mummy
 90938 | Tomb:2   | Noticed a royal mummy
 90939 | Tomb:2   | Noticed a royal mummy
 90964 | Tomb:2   | Noticed a royal mummy
 90991 | Tomb:2   | Noticed a royal mummy
 91166 | Tomb:1   | Noticed a royal mummy
 92031 | Depths:1 | Found a gateway to Hell.
 92031 | Depths:1 | Identified the +3 short sword of Quantum Leap {venom, rElec
                  | MP+9 Str-2}
 92809 | Depths:2 | Identified the +2 leather armour of Senk {Str+4}
 92879 | Depths:2 | Found a one-way gate to the infinite horrors of the Abyss.
 93533 | Depths:2 | Found a one-way gate leading to the halls of Pandemonium.
 94026 | Depths:2 | Found a stormy altar of Qazlal.
 94170 | Depths:2 | Reached XP level 27. HP: 178/214 MP: 35/35
 95787 | Depths:4 | Entered Level 4 of the Depths
 95987 | Depths:4 | Found a flickering gateway to a bazaar.
 95989 | Depths:4 | Noticed a juggernaut
 95995 | Bazaar   | Entered a bazaar
 95995 | Bazaar   | Found Kemmeczoas's Armour Emporium.
 95995 | Bazaar   | Found Utut's Antique Armour Shoppe.
 95995 | Bazaar   | Found Piafith's Weapon Emporium.
 95995 | Bazaar   | Found Wubuhax's General Store.
 96125 | Bazaar   | Bought the +9 scales of the Dragon King {rPois rF+ rC+
                  | Will+} for 1372 gold pieces
 96125 | Bazaar   | Found the +9 scales of the Dragon King {rPois rF+ rC+
                  | Will+}
 96139 | Bazaar   | Bought a faintly glowing helmet for 152 gold pieces
 96139 | Bazaar   | Identified the +1 helmet "Zodgh" {Dex+5} (You bought it in
                  | a shop in a bazaar)
 96178 | Depths:4 | Killed a juggernaut
 96304 | Depths:4 | Noticed Boris
 96319 | Depths:4 | Killed Boris
 96665 | Depths:4 | Found a gate to the Realm of Zot.
 96693 | Zot:1    | Entered Level 1 of the Realm of Zot
 98924 | Zot:1    | Noticed an orb of fire
 98937 | Zot:1    | Gained mutation: You occasionally shout uncontrollably at
                  | your foes. [an orb of fire]
 98938 | Zot:1    | Killed an orb of fire
103616 | Zot:3    | Identified the +6 chain mail "Soimnoik" {rC+ Int-2 Dex+4}
103652 | Zot:3    | Noticed a Killer Klown
103673 | Zot:3    | Killed a Killer Klown
103996 | Zot:3    | Got Plog's Anthology of Evolution
104375 | Zot:4    | Identified the +4 chain mail of Hookliri {rPois rC+++ Dex-4
                  | Stlth-}
104388 | Zot:5    | Entered Level 5 of the Realm of Zot
105127 | Zot:4    | Lost mutation: You occasionally shout uncontrollably at
                  | your foes. [potion of mutation]
105127 | Zot:4    | Gained mutation: Armour fits poorly on your strangely
                  | shaped body. [potion of mutation]
105127 | Zot:4    | Gained mutation: You are robust. (+10% HP) [potion of
                  | mutation]
105127 | Zot:4    | Gained mutation: You are strong-willed. (Will+) [potion of
                  | mutation]
106692 | Zot:5    | Noticed an orb of fire
106693 | Zot:5    | Lost mutation: Armour fits poorly on your strangely shaped
                  | body. [an orb of fire]
106705 | Zot:5    | Gained mutation: Your mind is acute. (Int +4, Str/Dex -1)
                  | [an orb of fire]
106710 | Zot:5    | Noticed a Killer Klown
106715 | Zot:5    | Killed an orb of fire
107103 | Zot:5    | Noticed a Killer Klown
107148 | Zot:5    | Killed a Killer Klown
107427 | Zot:5    | Noticed a Killer Klown
107491 | Zot:5    | Killed a Killer Klown
107492 | Zot:5    | Noticed a Killer Klown
107516 | Zot:5    | Killed a Killer Klown
107520 | Zot:5    | Noticed an orb of fire
107534 | Zot:5    | Killed an orb of fire
107664 | Zot:5    | Killed a Killer Klown
108097 | Zot:5    | Noticed an orb of fire
108098 | Zot:5    | Noticed a Killer Klown
108099 | Zot:5    | Gained mutation: Armour fits poorly on your strangely
                  | shaped body. [an orb of fire]
108102 | Zot:5    | Gained mutation: You occasionally lose the ability to drink
                  | potions when taking damage. [an orb of fire]
108111 | Zot:5    | Killed an orb of fire
108111 | Zot:5    | Noticed an orb of fire
108120 | Zot:5    | Lost mutation: You are robust. (+10% HP) [an orb of fire]
108124 | Zot:5    | Killed an orb of fire
108131 | Zot:5    | Killed a Killer Klown
108508 | Zot:5    | Got the Orb of Zot
108534 | Zot:4    | Noticed an ancient lich
108840 | D:14     | Noticed Kidifa Wut the pandemonium lord
109196 | D:$      | Escaped with the Orb!

Illustrated notes

Levels and vault maps discovered:
D:1:      amcnicky_arrival_gap_in_the_tavern_cellar, layout_loops_cross
D:2:      cheibrodos_greedy_goblins, layout_rooms, uniq_sigmund
D:3:      layout_basic, basic_ecumenical_altar
D:4:      lemuel_castle_with_subvaults [lemuel_castle_interior_carwin_2],
          layout_basic, jmf_multi_god_temple2
D:5:      layout_loops_corners, lightli_temple_of_fire,
          minmay_temple_entry_fiery, ebering_ghost_reflecting_pool, uniq_edmund
D:6:      layout_basic, uniq_grinder, uniq_prince_ribbit1, uniq_eustachio
D:7:      layout_basic, chequers_temple_overflow_statue_of_worship,
          chequers_serial_rivers_large_a
D:8:      layout_cave_pods
D:9:      layout_irregular_city, erik_lair_orcish_takeover,
          chequers_serial_rivers_micro_d, nicolae_straight_to_the_point
D:10:     layout_roguey, gammafunk_ghost_wrathful_warriors, minivault_26,
          uniq_fannar
D:11:     layout_basic
D:12:     layout_big_octagon, orc_0_dummy, serial_ice, serial_ice_b,
          serial_ice_f, serial_ice_l, serial_ice_g, wad_mini_maze
D:13:     minmay_wavy_crystal, layout_loops_ring, serial_demonic,
          serial_demonic_a, serial_demonic_b, serial_demonic_f,
          serial_demonic_d, serial_demonic_f, serial_demonic_a,
          serial_demonic_e, serial_demonic_g, serial_demonic_f,
          serial_demonic_a, xom_teletrap_fun, uniq_frances
D:14:     layout_cave_pools, ximxim_vaults_locker_room, minmay_misc_feat_x,
          uniq_snorg, uniq_kirke, uniq_agnes
D:15:     gammafunk_enter_depths_forms, layout_loops_cross,
          nemelex_diamond_rough_becter, chequers_serial_rivers_room_b,
          uniq_nessos
Lair:1:   layout_cave_shapes, beast_lair_carwin_7, grunt_megastairs_1,
          serial_bayou_shore_b
Lair:2:   layout_long_grid, skrybe_swamp_entry_bodies, st_stairs_5, wad_woods_01
Lair:3:   layout_gridlike, guppyfry_snake_entry_island, disabler_island
Lair:4:   layout_cellular_growth, grunt_megastairs_3
Lair:5:   evilmike_catoblepas_cave, layout_cellular_growth,
          dpeg_slime_entry_enclosed, serial_forest,
          infiniplex_forest_lined_corner, infiniplex_forest_lined_2,
          infiniplex_forest_straight_5, infiniplex_forest_diagonal,
          infiniplex_forest_straight_4, gauntlet_entry_generic
Swamp:1:  layout_basic_swamp, nicolae_swamp_rocky_clearing
Swamp:2:  layout_basic_swamp, infiniplex_staircase_pool
Swamp:3:  layout_basic_swamp, evilmike_swamp_ruin_rubble_2, swamp_pool4,
          uniq_aizul
Swamp:4:  swamp_icy, layout_basic_swamp
Snake:1:  layout_onion, special_room, uniq_nikola, uniq_josephine, uniq_jorgrun
Snake:2:  layout_grid_shapes, nicolae_snake_serpentine_bazaar, minmay_shop_grove
Snake:3:  layout_cave_pods
Snake:4:  hellmonk_snake_rune_quicksilver_temple, layout_cave_town,
          portal_ice_cave_entry_pillars_three, guppyfry_snake_island
Slime:1:  layout_caves, special_room [special_room_jelly]
Slime:2:  nicolae_slime_pool, layout_caves, cheibrodos_slime_lost_civilization_6
Orc:1:    layout_caves
Orc:2:    st_orc_elflike, layout_diamond_mine, nicolae_orc_flooded_monolith,
          uniq_saint_roka
Elf:1:    elf_arrival_001, layout_rooms, mu_enter_wizlab_7, minmay_elf_sorcery,
          lemuel_upstairs_altar, uniq_louise
Elf:2:    elven_hall_of_blades_hangedman_alternative
          [nicolae_blade_entry_splitting_headache], layout_gridlike,
          hex_intersection, minivault_14, nicolae_elf_big_sculpture_1,
          hangedman_elf_represent
Elf:3:    grunt_elf_hall_spiral, layout_loops_ring, serial_shops, shop,
          serial_sigils_hangedman_gnaw, minmay_shop_grid_forest, st_stairs_7
Vaults:1: v_rooms_2, v_misc_10, nicolae_vaults_network_barrier,
          hangedman_vaults_corner, v_misc_4, nicolae_vaults_three_branches,
          vaults_room_guarded_vault, ontoclasm_vaults_tryst, v_misc_16,
          vaults_room_stairs_pillars, ontoclasm_vaults_loading_screen,
          layout_vaults_chaotic_city, serial_shops, shop
Vaults:2: vaults_standard_mumra_x, nicolae_vaults_little_squares_3,
          vaults_dpeg_hooks, ontoclasm_vaults_ring_small, hangedman_vaults_hat,
          nicolae_vaults_network_s, nicolae_vaults_sealed_display,
          nicolae_vaults_c_with_doors, nicolae_vaults_yaktaur_gun_rack,
          dpeg_vaults_monster_row, v_misc_8, nicolae_vaults_gold_heap,
          layout_vaults_maze_snakey, serial_shops, shop_statue, uniq_donald
Vaults:3: nicolae_vaults_big_angled_halls, hangedman_vaults_capsules, v_misc_26,
          vaults_room_grid, minmay_crypt_entry_necro_gods,
          ontoclasm_vaults_ring_small, nicolae_vaults_puzzle_piece,
          st_more_cells, layout_vaults_omnigrid, serial_shops,
          nicolae_shop_stone
Vaults:4: advil_vaults_ghost_lines, v_pattern_4, v_alt_pattern_3,
          st_smaller_cells, nicolae_vaults_little_squares_1, vaults_room_fours,
          nicolae_vaults_circle_grid_a, vaults_dpeg_cross,
          nicolae_vaults_triangles, v_misc_1, nicolae_vaults_diagonal_hallway_7,
          hangedman_vaults_restitches, vaults_room_stairs_pillars,
          hangedman_vaults_maws, nicolae_vaults_specimen_jars,
          nicolae_vaults_little_squares_1, layout_vaults_ring, uniq_mennas
Vaults:5
Crypt:1:  layout_regular_city, skrybe_necro_troll_2, uniq_margery,
          uniq_frederick, uniq_sojobo
Crypt:2:  layout_misc_corridors, grunt_megastairs_2, lemuel_elevator
Crypt:3:  quadcrypt_mu
Tomb:1
Tomb:2
Depths:1: hourglass_vault, layout_twisted_cross, enter_ziggurat_f,
          minmay_misc_feat_plants, hell_entry, minmay_hollow_rounded_squares
Depths:2: minmay_glassy_protrusions, layout_cave_shapes, rand_demon_pan_entry_7,
          chequers_decorated_corner, pf_coc_iceberg, abyss_entry,
          small_chamber_with_monster, nicolae_qazlal_general_emergency
Depths:3: nicolae_BIG_FREAKIN_CUBE, layout_basic, pf_vacation_house_of_asmodeus,
          abyss_entry, infiniplex_staircase_diamond
Depths:4: grunt_zot_entry_alcove, layout_cave_shapes, serial_shops,
          bzr_entry_water, hell_entry, nicolae_triple_integral, uniq_boris
Zot:1:    lemuel_firehouse, layout_cathedral_of_symmetry
Zot:2:    layout_misc_corridors
Zot:3:    layout_gridlike, st_large_dragon_hoard_3
Zot:4:    layout_onion_interference, grunt_megastairs_5
Zot:5:    layout_misc_corridors

Skill      XL: |  1  2  3  4  5  6  7  8  9 10 11 12 13 14 15 16 17 18 19 20 21 22 23 24 25 26 27 |
---------------+----------------------------------------------------------------------------------+-----
Evocations     | 4 6 7 9 8 9 10 | 10.0
Spellcasting   | 1 2 4 3 5 8 |  8.0
Translocations | 1 2 3 5 4 5 6 9 |  9.1
Fighting       | 3 5 6 6 7 10 12 14 15 16 17 19 | 19.0
Polearms       | 3 2 |  2.6
Dodging        | 5 6 9 8 11 14 15 16 18 | 18.6
Maces & Flails | 3 6 8 8 12 15 16 19 21 | 21.0
Stealth        | 0 |  0.0
Armour         | 5 7 9 11 13 15 16 18 20 21 | 21.0
Conjurations   | 4 5 |  5.1
Fire Magic     | 2 3 6 |  6.1
Shields        | 5 10 11 13 14 15 17 | 17.0

Action                   |  1- 3 |  4- 6 |  7- 9 | 10-12 | 13-15 | 16-18 | 19-21 | 22-24 | 25-27 || total
-------------------------+-------+-------+-------+-------+-------+-------+-------+-------+-------++-------
Melee: Mace              |    36 |       |       |       |       |       |       |       |       ||    36
       Short sword       |   102 |       |       |       |       |       |       |       |       ||   102
       Punch             |     2 |       |       |       |       |       |       |       |       ||     2
       Long sword        |     3 |       |       |       |       |       |       |       |       ||     3
       Halberd           |       |   172 |   268 |       |       |       |       |       |       ||   440
       Dire flail        |       |       |   116 |   725 |   743 |   146 |       |       |       ||  1730
       Morningstar       |       |       |       |       |       |   985 |   968 |       |       ||  1953
       Eveningstar       |       |       |       |       |       |       |   561 |  1537 |  3187 ||  5285
Throw: Dart              |       |       |    32 |    50 |     5 |     1 |       |       |       ||    88
       Javelin           |       |       |    17 |     4 |     2 |     5 |       |       |       ||    28
 Cast: Blink             |       |       |     1 |     8 |     4 |     3 |     1 |     4 |     3 ||    24
       Lesser Beckoning  |       |       |       |     5 |    21 |     7 |     2 |     3 |    10 ||    48
       Magic Dart        |       |       |       |    35 |    66 |    22 |     3 |       |       ||   126
       Conjure Flame     |       |       |       |    11 |    34 |     7 |       |     2 |       ||    54
       Searing Ray       |       |       |       |    11 |     8 |     1 |       |       |       ||    20
       Manifold Assault  |       |       |       |       |       |    21 |       |       |       ||    21
       Gell's Gravitas   |       |       |       |       |       |       |    13 |       |       ||    13
Invok: Sacrifice Resista |       |       |     1 |       |       |       |       |       |       ||     1
       Sacrifice Stealth |       |       |       |     1 |       |       |       |       |       ||     1
       Power Leap        |       |       |       |     6 |    36 |   100 |    56 |    21 |    23 ||   242
       Sacrifice Love    |       |       |       |     1 |       |       |       |       |       ||     1
       Sacrifice Skill   |       |       |       |     1 |       |       |       |       |       ||     1
       Apocalypse        |       |       |       |       |     7 |     9 |     5 |     8 |     4 ||    33
       Sacrifice Arcana  |       |       |       |       |     1 |       |       |       |       ||     1
       Draw Out Power    |       |       |       |       |     1 |       |       |       |     2 ||     3
Evoke: Wand              |     5 |     1 |    16 |    11 |     5 |    12 |     7 |     4 |     6 ||    67
       Lightning rod     |       |       |       |       |    10 |    13 |       |       |     2 ||    25
       Phial of floods   |       |       |       |       |     2 |     6 |     1 |     1 |     1 ||    11
       Condenser vane    |       |       |       |       |       |     3 |     1 |       |     1 ||     5
       Piece from Xom's  |       |       |       |       |       |     1 |     1 |     1 |     1 ||     4
       Tin of tremorston |       |       |       |       |       |       |       |       |     3 ||     3
  Use: Scroll            |       |    10 |     6 |     9 |     7 |    11 |     8 |     6 |    26 ||    83
       Potion            |       |     1 |       |     6 |     3 |     8 |     2 |     5 |    27 ||    52
 Stab: Sleeping          |       |       |     3 |       |       |       |       |       |       ||     3
       Distracted        |       |       |       |     1 |     7 |     7 |     8 |     5 |    15 ||    43
       Invisible         |       |       |       |     6 |     3 |     6 |     4 |     5 |    13 ||    37
       Paralysed         |       |       |       |       |    20 |    21 |     2 |    18 |    12 ||    73
       Petrifying        |       |       |       |       |     1 |       |       |       |       ||     1
       Petrified         |       |       |       |       |     1 |       |       |       |       ||     1
Armor: Leather armour    |    62 |    68 |    68 |   132 |   120 |    19 |       |       |       ||   469
       Robe              |       |       |       |       |    10 |    31 |       |       |       ||    41
       Storm dragon scal |       |       |       |       |       |    74 |       |       |       ||    74
       Plate armour      |       |       |       |       |       |   222 |   405 |   316 |   459 ||  1402
       Skin              |       |       |       |       |       |       |       |    10 |       ||    10
       Gold dragon scale |       |       |       |       |       |       |       |       |   553 ||   553
Dodge: Dodged            |    94 |   188 |   234 |   575 |   427 |   470 |   381 |   344 |  1023 ||  3736
Block: Other             |       |       |    91 |   164 |    93 |    35 |       |       |       ||   383
       Reflection        |       |       |       |    10 |     1 |    38 |   103 |    94 |    27 ||   273
       Kite shield       |       |       |       |       |       |   730 |   696 |  1023 |  2347 ||  4796
       Tower shield      |       |       |       |       |       |       |   425 |       |       ||   425
       Buckler           |       |       |       |       |       |       |       |       |    78 ||    78
